General information
			
			
        
        - name: BNet
 
        - type: Ladder 1vs1/FFA
 
        - host: Battle.net
 
        - saver: AIMP2
 
        
map: HurricaneIsle 
        - players: 4
 
        - length: 130:25
 
        - speed: Fast
 - version: 1.22 W3XP
 - replay type:  Public
 
» download(518 KB)
Players
        team 1 (loser) 
              
              
AIMP2 (
pink | 118 APM | 15400 actions | 130:25)
              
 9 Archmage 
 3 Summon Water Elemental
 3 Brilliance Aura
 2 Mass Teleport
 1 Blizzard
 10 Mountain King 
 3 Storm Bolt
 3 Thunder Clap
 1 Avatar
 3 Bash
 10 Paladin 
 3 Holy Light
 3 Divine Shield
 1 Resurrection
 3 Devotion Aura
 
                » actions 
                
                | Assign group hotkey | 145 |  | 
| Basic commands | 206 |  | 
| Build / train | 228 |  | 
| ESC pressed | 5 |  | 
| Enter build submenu | 63 |  | 
| Enter hero's abilities submenu | 35 |  | 
| Give item / drop item | 22 |  | 
| Remove unit from queue | 13 |  | 
| Right click | 5936 |  | 
| Select / deselect | 3006 |  | 
| Select group hotkey | 4867 |  | 
| Use ability | 873 |  | 
                15400 total
 » units 
                
                | Peasant | 55 |  | 
| Footman | 6 |  | 
| Goblin Shredder | 1 |  | 
| Goblin Zeppelin | 6 |  | 
| Gryphon Rider | 19 |  | 
| Siege Engine | 9 |  | 
| Priest | 6 |  | 
| Mortar Team | 9 |  | 
| Dragonhawk Rider | 2 |  | 
                113 total
 » upgrades
                
                | Defend | 1 |  | 
| Swords | 3 |  | 
| Armor | 4 |  | 
| Animal War Training | 1 |  | 
| Storm Hammers | 1 |  | 
| Lumber Harvesting | 2 |  | 
| Gunpowder | 3 |  | 
| Plating | 3 |  | 
| Masonry | 3 |  | 
| Barrage | 1 |  | 
| Priest Training | 2 |  | 
| Sorceress Training | 2 |  | 
| Fragmentation Shards | 1 |  | 
| Flare | 1 |  | 
| Flak Cannons | 1 |  | 
| Cloud | 1 |  | 
| Magic Sentry | 1 |  | 
                31 total
 » buildings
                
                | Altar of Kings | 1 |  | 
| Barracks | 1 |  | 
| Farm | 19 |  | 
| Town Hall | 11 |  | 
| Keep | 1 |  | 
| Lumber Mill | 3 |  | 
| Arcane Vault | 1 |  | 
| Castle | 1 |  | 
| Blacksmith | 2 |  | 
| Gryphon Aviary | 3 |  | 
| Scout Tower | 11 |  | 
| Guard Tower | 7 |  | 
| Workshop | 7 |  | 
| Arcane Sanctum | 4 |  | 
                72 total
 » build order
                00:06 Altar of Kings
00:19 Barracks
00:34 Farm
01:05 Farm
02:02 Farm
04:40 Town Hall
04:47 Keep
05:05 Farm
05:20 Farm
06:12 Farm
06:15 Lumber Mill
06:26 Lumber Mill
06:42 Arcane Vault
07:00 Farm
07:12 Castle
08:01 Blacksmith
08:07 Blacksmith
08:11 Farm
08:40 Gryphon Aviary
08:42 Gryphon Aviary
08:44 Gryphon Aviary
08:58 Farm
09:06 Scout Tower
09:06 Scout Tower
09:07 Scout Tower
09:08 Scout Tower
09:09 Scout Tower
10:16 Guard Tower
10:20 Farm
10:21 Farm
10:29 Guard Tower
11:40 Guard Tower
12:24 Scout Tower
12:25 Scout Tower
12:26 Scout Tower
12:26 Scout Tower
13:45 Guard Tower
14:15 Guard Tower
14:17 Scout Tower
14:18 Scout Tower
14:56 Guard Tower
15:35 Workshop
15:50 Guard Tower
15:55 Workshop
15:57 Workshop
16:23 Arcane Sanctum
16:26 Arcane Sanctum
17:22 Farm
17:31 Town Hall
18:15 Farm
22:15 Town Hall
25:29 Town Hall
30:45 Farm
30:49 Town Hall
32:24 Town Hall
32:33 Farm
34:02 Farm
45:33 Town Hall
49:54 Town Hall
57:49 Town Hall
62:28 Farm
66:56 Farm
66:57 Farm
67:40 Lumber Mill
71:43 Workshop
71:43 Workshop
71:43 Workshop
71:44 Workshop
83:00 Arcane Sanctum
83:00 Arcane Sanctum
103:27 Town Hall
111:33 Town Hall
» items
                
                | Boots of Speed | 2 |  | 
| Periapt of Vitality | 3 |  | 
| Scroll of Protection | 3 |  | 
| Scroll of Healing | 4 |  | 
| Warsong Battle Drums | 1 |  | 
| Legion Doom-Horn | 1 |  | 
| Scroll of Town Portal | 3 |  | 
| Scroll of Regeneration | 2 |  | 
| Staff of Sanctuary | 2 |  | 
| Potion of Lesser Invulnerability | 1 |  | 
| Tome of Retraining | 1 |  | 
                23 total
  
               team 2 (winner) 
              
              
» 
Player 2 (
red | 61 APM | 1202 actions | 19:32)
              
 5 Far Seer 
 3 Feral Spirit
 2 Chain Lighting
 1 Shadow Hunter 
 1 Serpent Ward
 
                » actions 
                
                | Assign group hotkey | 22 |  | 
| Basic commands | 36 |  | 
| Build / train | 108 |  | 
| Enter build submenu | 23 |  | 
| Enter hero's abilities submenu | 6 |  | 
| Give item / drop item | 1 |  | 
| Right click | 631 |  | 
| Select / deselect | 250 |  | 
| Select group hotkey | 47 |  | 
| Use ability | 78 |  | 
                1202 total
 » units 
                
                | Peon | 13 |  | 
| Goblin Shredder | 1 |  | 
| Wind Rider | 21 |  | 
| Goblin Zeppelin | 1 |  | 
| Troll Batrider | 8 |  | 
                44 total
 » upgrades
                
                | Ranged Weapons | 3 |  | 
| Armor | 3 |  | 
| Reinforced Defenses | 1 |  | 
| Envenomed Spears | 1 |  | 
| Liquid Fire | 1 |  | 
                9 total
 » buildings
                
                | Altar of Storms | 1 |  | 
| Orc Burrow | 10 |  | 
| War Mill | 1 |  | 
| Voodoo Lounge | 1 |  | 
| Stronghold | 4 |  | 
| Fortress | 5 |  | 
| Beastiary | 4 |  | 
| Great Hall | 1 |  | 
| Watch Tower | 2 |  | 
                29 total
 » build order
                00:10 Altar of Storms
00:22 Orc Burrow
00:49 War Mill
01:25 Voodoo Lounge
02:42 Stronghold
02:42 Stronghold
02:42 Stronghold
04:09 Orc Burrow
04:53 Orc Burrow
05:51 Fortress
05:51 Fortress
05:51 Fortress
05:51 Fortress
06:12 Beastiary
06:22 Beastiary
06:42 Beastiary
07:40 Orc Burrow
11:02 Orc Burrow
13:07 Orc Burrow
13:58 Great Hall
14:04 Watch Tower
14:09 Watch Tower
14:14 Orc Burrow
16:31 Beastiary
16:44 Orc Burrow
16:51 Orc Burrow
17:42 Orc Burrow
» items
                
                | Healing Salve | 6 |  | 
| Lesser Clarity Potion | 1 |  | 
| Tiny Great Hall | 1 |  | 
                8 total
  
               team 3 (loser) 
              
              
Player 3 (
purple | 57 APM | 7401 actions | 130:25)
              
 8 Archmage 
 2 Summon Water Elemental
 2 Brilliance Aura
 3 Blizzard
 1 Mass Teleport
 10 Mountain King 
 3 Storm Bolt
 3 Thunder Clap
 1 Avatar
 3 Bash
 8 Paladin 
 3 Holy Light
 3 Divine Shield
 1 Resurrection
 1 Devotion Aura
 
                » actions 
                
                | Basic commands | 11 |  | 
| Build / train | 346 |  | 
| Enter build submenu | 210 |  | 
| Enter hero's abilities submenu | 27 |  | 
| Give item / drop item | 33 |  | 
| Remove unit from queue | 19 |  | 
| Right click | 2920 |  | 
| Select / deselect | 2956 |  | 
| Use ability | 875 |  | 
                7401 total
 » units 
                
                | Peasant | 62 |  | 
| Goblin Shredder | 2 |  | 
| Priest | 22 |  | 
| Gryphon Rider | 17 |  | 
| Goblin Zeppelin | 7 |  | 
| Flying Machine | 3 |  | 
| Knight | 20 |  | 
| Siege Engine | 20 |  | 
| Sorceress | 11 |  | 
| Dragonhawk Rider | 7 |  | 
| Mortar Team | 2 |  | 
| Spell Breaker | 10 |  | 
                183 total
 » upgrades
                
                | Priest Training | 2 |  | 
| Magic Sentry | 1 |  | 
| Swords | 3 |  | 
| Plating | 3 |  | 
| Gunpowder | 3 |  | 
| Armor | 3 |  | 
| Barrage | 1 |  | 
| Masonry | 3 |  | 
| Sorceress Training | 1 |  | 
| Cloud | 1 |  | 
| Storm Hammers | 1 |  | 
| Animal War Training | 1 |  | 
                23 total
 » buildings
                
                | Farm | 17 |  | 
| Keep | 1 |  | 
| Altar of Kings | 3 |  | 
| Lumber Mill | 1 |  | 
| Scout Tower | 141 |  | 
| Arcane Tower | 16 |  | 
| Arcane Sanctum | 6 |  | 
| Castle | 1 |  | 
| Gryphon Aviary | 4 |  | 
| Town Hall | 15 |  | 
| Guard Tower | 41 |  | 
| Arcane Vault | 5 |  | 
| Blacksmith | 2 |  | 
| Workshop | 4 |  | 
| Cannon Tower | 12 |  | 
| Barracks | 2 |  | 
                271 total
 » build order
                01:11 Farm
01:49 Keep
01:52 Altar of Kings
02:08 Farm
02:26 Lumber Mill
02:53 Farm
03:00 Scout Tower
03:29 Arcane Tower
04:01 Farm
04:12 Arcane Sanctum
04:50 Castle
05:13 Farm
05:59 Gryphon Aviary
06:44 Town Hall
06:48 Scout Tower
06:48 Scout Tower
06:50 Scout Tower
07:19 Guard Tower
07:35 Scout Tower
08:07 Guard Tower
08:56 Gryphon Aviary
09:49 Farm
09:52 Farm
10:30 Scout Tower
10:31 Scout Tower
10:34 Scout Tower
11:08 Arcane Tower
11:10 Guard Tower
12:14 Town Hall
12:19 Scout Tower
12:19 Scout Tower
12:20 Scout Tower
12:21 Scout Tower
12:22 Scout Tower
13:18 Farm
13:22 Arcane Tower
13:24 Guard Tower
13:26 Scout Tower
13:27 Scout Tower
14:01 Guard Tower
14:03 Scout Tower
14:04 Scout Tower
14:17 Arcane Vault
15:04 Guard Tower
15:12 Scout Tower
15:13 Scout Tower
15:25 Blacksmith
16:25 Guard Tower
16:28 Arcane Vault
17:04 Scout Tower
17:08 Farm
17:38 Guard Tower
17:44 Workshop
19:24 Town Hall
19:27 Scout Tower
19:28 Scout Tower
19:29 Scout Tower
19:40 Workshop
20:18 Arcane Tower
20:20 Guard Tower
21:03 Scout Tower
21:59 Town Hall
22:00 Scout Tower
22:01 Scout Tower
22:03 Scout Tower
22:40 Guard Tower
22:46 Cannon Tower
22:48 Scout Tower
22:49 Scout Tower
22:50 Scout Tower
23:29 Cannon Tower
23:31 Guard Tower
23:36 Scout Tower
23:37 Scout Tower
23:44 Scout Tower
23:46 Guard Tower
24:18 Guard Tower
24:20 Arcane Tower
24:22 Scout Tower
24:25 Scout Tower
24:29 Scout Tower
25:02 Town Hall
25:19 Arcane Tower
26:43 Arcane Vault
27:15 Scout Tower
27:16 Scout Tower
27:17 Scout Tower
27:18 Scout Tower
27:47 Arcane Tower
27:49 Guard Tower
28:44 Scout Tower
29:04 Town Hall
29:05 Scout Tower
29:06 Scout Tower
29:08 Scout Tower
29:35 Guard Tower
29:37 Cannon Tower
29:39 Scout Tower
29:40 Guard Tower
29:41 Scout Tower
29:42 Scout Tower
29:53 Arcane Tower
29:57 Gryphon Aviary
30:12 Guard Tower
30:15 Scout Tower
30:16 Scout Tower
30:18 Scout Tower
30:48 Guard Tower
33:08 Scout Tower
33:47 Guard Tower
33:49 Scout Tower
35:27 Town Hall
35:28 Scout Tower
35:29 Scout Tower
35:30 Scout Tower
35:32 Scout Tower
35:38 Guard Tower
35:40 Scout Tower
35:59 Cannon Tower
36:01 Guard Tower
36:03 Guard Tower
36:04 Guard Tower
36:15 Scout Tower
36:16 Scout Tower
36:16 Scout Tower
36:17 Scout Tower
36:37 Guard Tower
36:41 Workshop
36:44 Guard Tower
36:47 Scout Tower
36:48 Scout Tower
36:51 Arcane Vault
37:40 Guard Tower
38:14 Gryphon Aviary
39:18 Town Hall
39:20 Scout Tower
39:20 Scout Tower
39:22 Scout Tower
39:23 Scout Tower
39:24 Scout Tower
39:48 Barracks
42:35 Farm
43:18 Guard Tower
43:19 Guard Tower
43:20 Guard Tower
43:56 Barracks
44:32 Arcane Sanctum
46:28 Scout Tower
48:08 Workshop
48:43 Guard Tower
49:18 Guard Tower
49:20 Scout Tower
50:53 Guard Tower
50:55 Scout Tower
59:08 Arcane Tower
59:22 Farm
62:00 Arcane Sanctum
64:42 Town Hall
64:43 Scout Tower
64:43 Scout Tower
64:44 Scout Tower
64:46 Scout Tower
64:47 Scout Tower
64:49 Scout Tower
65:15 Cannon Tower
65:16 Cannon Tower
65:17 Cannon Tower
65:18 Guard Tower
65:20 Scout Tower
65:20 Scout Tower
65:22 Scout Tower
65:23 Scout Tower
65:25 Scout Tower
65:28 Scout Tower
65:34 Scout Tower
65:35 Scout Tower
66:09 Arcane Tower
66:10 Arcane Tower
66:12 Guard Tower
67:33 Scout Tower
67:35 Scout Tower
67:35 Scout Tower
67:36 Scout Tower
67:37 Scout Tower
69:26 Cannon Tower
69:32 Cannon Tower
69:34 Guard Tower
69:44 Arcane Sanctum
75:58 Blacksmith
75:59 Farm
76:53 Arcane Sanctum
76:56 Farm
76:58 Scout Tower
77:49 Arcane Tower
80:21 Altar of Kings
80:22 Altar of Kings
83:25 Town Hall
83:26 Scout Tower
83:27 Scout Tower
83:27 Scout Tower
86:53 Guard Tower
86:58 Scout Tower
86:59 Scout Tower
87:00 Scout Tower
87:51 Guard Tower
87:53 Scout Tower
87:54 Scout Tower
87:56 Scout Tower
89:11 Scout Tower
96:01 Scout Tower
96:02 Guard Tower
96:03 Scout Tower
96:41 Guard Tower
100:07 Town Hall
100:25 Scout Tower
100:26 Scout Tower
100:53 Arcane Tower
100:55 Farm
100:56 Arcane Tower
100:57 Scout Tower
101:34 Cannon Tower
101:36 Farm
101:37 Farm
103:35 Town Hall
107:53 Arcane Vault
108:08 Farm
108:22 Scout Tower
108:36 Arcane Sanctum
108:50 Scout Tower
108:52 Scout Tower
108:53 Scout Tower
108:53 Scout Tower
108:55 Scout Tower
108:56 Guard Tower
109:20 Cannon Tower
109:22 Guard Tower
109:24 Guard Tower
109:25 Scout Tower
109:26 Scout Tower
109:27 Scout Tower
109:29 Scout Tower
109:31 Scout Tower
109:58 Guard Tower
110:02 Arcane Tower
112:02 Town Hall
112:03 Scout Tower
112:04 Scout Tower
112:05 Scout Tower
112:06 Scout Tower
112:07 Scout Tower
112:09 Scout Tower
112:38 Arcane Tower
112:40 Guard Tower
112:42 Cannon Tower
120:48 Town Hall
120:49 Scout Tower
120:50 Scout Tower
120:52 Scout Tower
121:24 Cannon Tower
121:26 Guard Tower
121:27 Scout Tower
121:28 Scout Tower
121:31 Scout Tower
122:17 Guard Tower
122:48 Scout Tower
123:50 Arcane Tower
123:53 Scout Tower
124:58 Scout Tower
125:48 Guard Tower
126:02 Town Hall
126:03 Scout Tower
126:04 Scout Tower
126:04 Scout Tower
126:05 Scout Tower
126:06 Scout Tower
126:48 Guard Tower
126:52 Scout Tower
126:53 Scout Tower
127:26 Arcane Tower
127:32 Scout Tower
127:34 Scout Tower
» items
                
                | Periapt of Vitality | 6 |  | 
| Scroll of Town Portal | 8 |  | 
| Staff of Sanctuary | 2 |  | 
| Orb of Fire | 1 |  | 
| Staff of Teleportation | 2 |  | 
| Potion of Invisibility | 2 |  | 
| Boots of Speed | 1 |  | 
| Potion of Lesser Invulnerability | 1 |  | 
| Circlet of Nobility | 1 |  | 
                24 total
  
               team 4 (loser) 
              
              
Player 4 (
teal | 78 APM | 3273 actions | 41:49)
              
 7 Demon Hunter 
 3 Mana Burn
 3 Evasion
 1 Metamorphosis
 5 Warden 
 3 Fan of Knives
 2 Blink
 5 Priestess of the Moon 
 3 Trueshot Aura
 2 Searing Arrows
 
                » actions 
                
                | Assign group hotkey | 55 |  | 
| Basic commands | 446 |  | 
| Build / train | 132 |  | 
| ESC pressed | 7 |  | 
| Enter build submenu | 37 |  | 
| Enter hero's abilities submenu | 17 |  | 
| Give item / drop item | 10 |  | 
| Remove unit from queue | 2 |  | 
| Right click | 771 |  | 
| Select / deselect | 723 |  | 
| Select group hotkey | 913 |  | 
| Use ability | 160 |  | 
                3273 total
 » units 
                
                | Wisp | 41 |  | 
| Archer | 6 |  | 
| Goblin Zeppelin | 4 |  | 
| Chimaera | 11 |  | 
| Hippogryph | 19 |  | 
                81 total
 » upgrades
                
                | Strength of the Wild | 3 |  | 
| Corrosive Breath | 1 |  | 
| Reinforced Hides | 3 |  | 
| Ultravision | 1 |  | 
                8 total
 » buildings
                
                | Altar of Elders | 1 |  | 
| Moon Well | 10 |  | 
| Ancient of War | 1 |  | 
| Tree of Ages | 2 |  | 
| Hunter's Hall | 1 |  | 
| Tree of Life | 6 |  | 
| Tree of Eternity | 3 |  | 
| Ancient of Wind | 1 |  | 
| Ancient Protector | 7 |  | 
| Chimaera Roost | 5 |  | 
| Ancient of Wonders | 1 |  | 
                38 total
 » build order
                00:07 Altar of Elders
00:18 Moon Well
00:32 Ancient of War
02:10 Moon Well
02:22 Moon Well
02:39 Tree of Ages
03:17 Moon Well
03:42 Moon Well
04:29 Hunter's Hall
05:28 Tree of Life
06:04 Tree of Eternity
06:28 Ancient of Wind
06:57 Moon Well
07:54 Ancient Protector
07:57 Ancient Protector
08:34 Chimaera Roost
08:38 Chimaera Roost
13:27 Moon Well
16:25 Tree of Life
18:14 Ancient Protector
19:53 Tree of Life
19:55 Ancient Protector
19:57 Ancient Protector
20:14 Moon Well
20:18 Ancient Protector
21:03 Moon Well
21:19 Moon Well
21:22 Ancient Protector
24:15 Ancient of Wonders
24:41 Tree of Ages
27:22 Tree of Eternity
27:22 Tree of Eternity
28:45 Tree of Life
30:02 Chimaera Roost
30:04 Chimaera Roost
30:08 Chimaera Roost
32:52 Tree of Life
39:46 Tree of Life
» items
                
                | Replenishment Potion | 1 |  | 
| Scroll of Healing | 7 |  | 
| Scroll of Town Portal | 3 |  | 
| Scourge Bone Chimes | 1 |  | 
| Orb of Venom | 1 |  | 
| Lesser Clarity Potion | 1 |  | 
| Legion Doom-Horn | 1 |  | 
                15 total
  
                Chat log
          (00:35 / All) Player 3: nice map lol
(00:47 / All) AIMP2: for human norm ^^
(00:54 / All) Player 3: from all?
(00:58 / All) AIMP2: rus
(23:09 / All) Player 4: typicl hu just mass tower and low skill
(23:19 / All) AIMP2: ye ye
(35:18 / All) AIMP2: elf u team?
(35:20 / All) AIMP2: lol
(35:29 / All) Player 4: if u make 1000 tower i team
(35:35 / All) AIMP2: me ?
(35:36 / All) AIMP2: lol
(35:40 / All) AIMP2: u see 2 humans
(35:41 / All) AIMP2: lol
(35:42 / All) Player 4: u lol
(35:43 / All) AIMP2: see base
(35:56 / All) AIMP2: me all game 80 limit
(35:59 / All) AIMP2: human 50
(36:01 / All) AIMP2: gl
(36:03 / All) AIMP2: idiot
(36:05 / All) AIMP2: noob
(37:00 / All) AIMP2: ahahah
(37:04 / All) AIMP2: human 6 exe
(37:08 / All) AIMP2: in limit 50
(37:10 / All) AIMP2: lo
(37:11 / All) AIMP2: l
(37:23 / All) Player 3: u have fight vs my griffon lol 50 limit
(37:34 / All) Player 3: 6 exe 40 worker heros and griffon
(37:50 / All) Player 3: go to school
(37:57 / All) Player 3: mathematik
(39:03 / All) AIMP2: human
(39:05 / All) AIMP2: easy win
(39:06 / All) AIMP2: tt
(39:27 / All) Player 3: lier
(39:31 / All) AIMP2: aha
(39:33 / All) AIMP2: o yes
(39:35 / All) AIMP2: LER
(39:37 / All) AIMP2: LIER
(39:54 / All) AIMP2: human whats gold?
(39:56 / All) AIMP2: 50K?
(39:59 / All) Player 3: 3k
(40:02 / All) AIMP2: hahah
(40:06 / All) AIMP2: me 30 min?
(40:09 / All) AIMP2: mb*
(40:17 / All) Player 3: u see my griffons
(40:19 / All) AIMP2: 3 hahaha
(42:15 / All) AIMP2: u lucker
(42:23 / All) AIMP2: elf stuppid suicide
(44:05 / All) Player 3: level?
(72:49 / All) Player 3: gold?
(72:57 / All) AIMP2: 25k
(104:53 / All) Player 3: oh u see my mine
(111:35 / All) AIMP2: gold?
(111:41 / All) Player 3: 30k
(111:43 / All) AIMP2: lie
(111:50 / All) AIMP2: real gold
(111:50 / All) Player 3: lol 6 mines 50 food^^
(111:54 / All) Player 3: u was right said
(112:00 / All) AIMP2: u
(112:04 / All) AIMP2: real gold?
(112:14 / All) Player 3: i was had 80k but now 30
(112:15 / All) AIMP2: no 30k 100%%%%%
(116:03 / All) AIMP2: acc?
(116:15 / All) Player 3: 30 k gold
(119:18 / All) AIMP2: acc?
(121:50 / All) AIMP2: acc?
(121:58 / All) AIMP2: ACC?
(122:00 / All) AIMP2: ACC?
(122:02 / All) AIMP2: AKA?
(122:55 / All) Player 3: i have more gold then u meet channel ff4?
(123:00 / All) AIMP2: u idit?
(123:02 / All) Player 3: nemxt game u can win
(123:05 / All) Player 3: no u
(123:18 / All) AIMP2: me just say u acc?
(123:24 / All) AIMP2: u say me waht gold
(123:26 / All) Player 3: ntropy
(123:32 / All) AIMP2: u know eng?
(123:34 / All) AIMP2: tt
(123:35 / All) Player 3: gold now 18k
(123:39 / All) Player 3: look replay
(123:44 / All) Player 3: i was having 80
(123:58 / All) AIMP2: me was having 3 hero
(124:00 / All) AIMP2: and =D
(124:07 / All) Player 3: me 3 mines
(124:14 / All) AIMP2: me know
(124:56 / All) AIMP2: u mass luck
(125:01 / All) AIMP2: no skill bad
(125:07 / All) Player 3: yes good game my friend
(125:13 / All) Player 3: u unluck because elf
(125:25 / All) AIMP2: u know who me?
(125:38 / All) Player 3: starfre?
(125:42 / All) AIMP2: no)
(126:08 / All) Player 3: who?
(126:42 / All) AIMP2: omg n
(126:46 / All) AIMP2: only towers
(127:13 / All) AIMP2: me in all game buy 10 tower
(130:17 / All) AIMP2: gg
(130:22 / All) AIMP2: luck